 Dungeon Crawl Stone Soup version 0.17.0-26-gececa24 (console) character file.

10 gw the Ducker (level 2, -1/14 HPs)
             Began as a Felid Abyssal Knight on Nov 19, 2015.
             Was a Follower of Lugonu.
             Slain by a jackal (3 damage)
             ... on level 1 of the Dungeon.
             The game lasted 00:00:29 (834 turns).

gw the Ducker (Felid Abyssal Knight)                 Turns: 834, Time: 00:00:29

Health: -1/14      AC:  1    Str: 10    XL:     2   Next: 10%
Magic:  4/4        EV: 18    Int: 13    God:    Lugonu [*.....]
Gold:   103        SH:  0    Dex: 15    Spells: 0 memorised, 1 level left
                                        Lives:  0   Deaths: 0

rFire  . . .     SeeInvis +       - Unarmed
rCold  . . .     Clarity  .     (armour unavailable)
rNeg   . . .     SustAt   .     (shield unavailable)
rPois  .         Gourm    .     (helmet unavailable)
rElec  .         Spirit   .     (cloak unavailable)
rCorr  .         Warding  .     (gloves unavailable)
rMut   .         Stasis   .     (boots unavailable)
MR     .....                    (no amulet)
Stlth  ++........               (no ring)
                                g - +2 ring of strength

@: quick, not resistant to hostile enchantments, unstealthy
A: no armour, no weapons or thrown items, claws 1, fangs 3, see invisible,
carnivore 3, speed 1, shaggy fur 1, slow metabolism 1, sharp paws
a: Depart the Abyss, Renounce Religion


You were on level 1 of the Dungeon.
You worshipped Lugonu.
Lugonu was aware of your devotion.
You were completely stuffed.

You visited 1 branch of the dungeon, and saw 1 of its levels.
You visited the Abyss 1 time.

You collected 103 gold pieces.

Inventory:

Jewellery
 g - a +2 ring of strength (left paw)
Scrolls
 f - a scroll of teleportation {unknown}
 i - a scroll of identify {unknown}
Potions
 b - a potion of might {unknown}
 e - 2 potions of degeneration {unknown}
Comestibles
 a - a meat ration
 c - a beef jerky
 d - a royal jelly


   Skills:
 + Level 3.1 Fighting
 + Level 3.2 Dodging
 * Level 2.4 Unarmed Combat
 + Level 2.1 Invocations


You had one spell level left.
You didn't know any spells.

Dungeon Overview and Level Annotations

Branches:
Dungeon (1/15)

Altars:


Innate Abilities, Weirdness & Mutations

You cannot wear armour.
You are incapable of wielding weapons or throwing items.
You have sharp claws.
You have razor-sharp teeth.
You have supernaturally acute eyesight.
You are carnivorous and can eat meat at any time.
You cover ground quickly.
You are covered in fur (AC +1).
You have a slow metabolism.
Your sharp claws are effective at attacking unaware monsters.


Message History

There is an open door here.
MOVING TO (0,1) FLEEEEING!
MOVING TO (0,1) MOVING TO (0,1) MOVING TO (0,1)
The jackal misses you.
MOVING TO (0,1) MOVING TO (0,2) MOVING TO (0,1) FLEEEEING!
MOVING TO (2,0)
The jackal completely misses you.
MOVING TO (1,0) MOVING TO (1,0) MOVING TO (1,0) MOVING TO (1,0) ATTACKING (-1,0)
You barely miss the jackal. The jackal closely misses you.
The jackal bites you.
You die...

#.........#
.# #.#
########'##
.# #.# #.#
.# #.# #h#
#.# #.# #.#
#h# #.# #.#
#.#
#.########
#.#
#.hhhhh..#
#.#
########.#
#.# #[# #.#
#.# #.# #.#
#.# #.# #.#
#.###.#
#.....#
#####.#


You could see 4 jackals.

Table legend:
 A = Turns spent in this place as a percentage of turns spent in the entire game.
 B = Non-inter-level travel turns spent in this place as a percentage of non-inter-level travel turns spent in the entire game.
 C = Inter-level travel turns spent in this place as a percentage of turns spent in this place.
 D = Turns resting spent in this place as a percentage of non-inter-level travel turns spent in this place.
 E = Turns spent auto-exploring this place as a percentage of non-inter-level travel turns spent in this place.
 F = Non-inter-level travel turns spent in this place divided by the number of levels of this place that you've seen.
                   A       B       C       D       E      F
               +-------+-------+-------+-------+-------+----------------------
         Total | 100.0 | 100.0 |   0.4 |   0.6 |   2.9 | 473.5
       Dungeon |  94.0 |  94.0 |   0.4 |   0.7 |   2.7 | 890.0
         Abyss |   6.0 |   6.0 |   0.0 |   0.0 |   5.3 |  57.0
               +-------+-------+-------+-------+-------+----------------------

Table legend:
 A = Kills in this place as a percentage of kills in entire the game.
 B = Kills by you in this place as a percentage of kills by you in the entire game.
 C = Kills by friends in this place as a percentage of kills by friends in the entire game.
 D = Other kills in this place as a percentage of other kills in the entire game.
 E = Experience gained in this place as a percentage of experience gained in the entire game.
 F = Experience gained in this place divided by the number of levels of this place that you have seen.
                   A       B       C       D       E      F
               +-------+-------+-------+-------+-------+----------------------
         Total | 100.0 | 100.0 |  -nan |  -nan | 100.0 |   7.5
       Dungeon | 100.0 | 100.0 |  -nan |  -nan | 100.0 |  15.0
               +-------+-------+-------+-------+-------+----------------------

Vanquished Creatures
  A ball python (D:1)
  A bat (D:1)
  3 hobgoblins (D:1)
  3 giant newts (D:1)
  A goblin (D:1)
  A rat (D:1)
10 creatures vanquished.

Notes
Turn   | Place    | Note
--------------------------------------------------------------
     0 | Abyss:1  | gw the Felid Abyssal Knight began the quest for the Orb.
     0 | Abyss:1  | Reached XP level 1. HP: 10/10 MP: 3/3
    40 | Abyss:1  | Noticed a quasit
    41 | D:1      | Escaped the Abyss
   393 | D:1      | Reached XP level 2. HP: 7/14 MP: 4/4
   623 | D:1      | Reached * piety under Lugonu
   834 | D:1      | Slain by a jackal

Action                   || total
-------------------------++-------
Melee: Unarmed           ||    33
Invok: Depart the Abyss  ||     1
  Eat: Chunk             ||     7

Vault maps used:
D:1:      saegor_arrival_under_anarchy, glass_columns_c
